IL
ALBUQUERQUE ISOTOPES @ COLORADO SPRINGS SKY SOX
07/20/2045
 
TOP OF THE 1ST
Sacramento River Cats batting - Pitching for Colorado Springs Sky Sox : LHP Justin Wells
Pitching: LHP Justin Wells
Batting: LHB Reynaldo Vargas 0-0: Called Strike
0-1: Ball
1-1: Ground out 4-3 (Groundball, 4, EV 88.1 MPH)
Batting: RHB Tim Seggerman 0-0: Called Strike
0-1: Ball
1-1: Ball
2-1: Ball
3-1: Fly out, F8 (Line Drive, 8LM, EV 111.3 MPH)
Batting: LHB Joe Cole 0-0: Ground out 4-3 (Groundball, 34, EV 81.3 MPH)
Top of the 1st over - 0 runs, 0 hits, 0 errors, 0 left on base; Sacramento 0 - Colorado Springs 0
BOTTOM OF THE 1ST
Colorado Springs Sky Sox batting - Pitching for Sacramento River Cats : LHP Dario Rios
Pitching: LHP Dario Rios
Batting: RHB Chad Thompson 0-0: Fly out, F5 (Popup, 5SF, EV 73.8 MPH)
Batting: RHB Mark Collins 0-0: Ball
1-0: Ball
2-0: Called Strike
2-1: Ball
3-1: Base on Balls
Batting: RHB Marty Forbus 0-0: Ball
1-0: Called Strike
1-1: Ball
2-1: Foul Ball, location: 2F
2-2: Ball
3-2: Base on Balls
Mark Collins to second
Batting: RHB Adrian Sapien 0-0: Fielders Choice at 2nd, 3-6 (Groundball, 34, EV 106.9 MPH)
Mark Collins to third
Batting: LHB Steve Jewell 0-0: Called Strike
0-1: Ball
1-1: Foul Ball, location: 2F
1-2: Strikes out looking
Bottom of the 1st over - 0 runs, 0 hits, 0 errors, 2 left on base; Sacramento 0 - Colorado Springs 0
TOP OF THE 2ND
Sacramento River Cats batting - Pitching for Colorado Springs Sky Sox : LHP Justin Wells
Batting: RHB Roberto Molina 0-0: Swinging Strike
0-1: Foul Ball, location: 2F
0-2: Ball
1-2: Strikes out swinging
Batting: RHB Ryan Weidner 0-0: Ball
1-0: Ball
2-0: Fly out, F8 (Flyball, 8LM, EV 95.6 MPH)
Batting: RHB Steve Crandall 0-0: Ball
1-0: Foul Ball, location: 2F
1-1: Swinging Strike
1-2: Strikes out swinging
Top of the 2nd over - 0 runs, 0 hits, 0 errors, 0 left on base; Sacramento 0 - Colorado Springs 0
BOTTOM OF THE 2ND
Colorado Springs Sky Sox batting - Pitching for Sacramento River Cats : LHP Dario Rios
Batting: LHB Nate Rooney 0-0: Foul Ball, location: 2F
0-1: Fly out, F8 (Flyball, 8LD, EV 95.0 MPH)
Batting: SHB Ashton Upchurch 0-0: Fly out, F8 (Flyball, 89XD, EV 95.6 MPH)
Batting: LHB Ricky Diaz 0-0: Foul Ball, location: 2F
0-1: Foul Ball, location: 2F
0-2: Ground out 6-3 (Groundball, 6, EV 83.1 MPH)
Bottom of the 2nd over - 0 runs, 0 hits, 0 errors, 0 left on base; Sacramento 0 - Colorado Springs 0
TOP OF THE 3RD
Sacramento River Cats batting - Pitching for Colorado Springs Sky Sox : LHP Justin Wells
Batting: SHB Jimmy Kovac 0-0: Ball
1-0: Swinging Strike
1-1: Fly out, F7 (Flyball, 7D, EV 89.4 MPH)
Batting: RHB Jerry Shutt 0-0: Called Strike
0-1: Ground out 5-3 (Groundball, 5S, EV 88.8 MPH)
Batting: LHB Dario Rios 0-0: Ball
1-0: Swinging Strike
1-1: Called Strike
1-2: Foul Ball, location: 2F
1-2: Ball
2-2: Ball
3-2: Strikes out swinging
Top of the 3rd over - 0 runs, 0 hits, 0 errors, 0 left on base; Sacramento 0 - Colorado Springs 0
BOTTOM OF THE 3RD
Colorado Springs Sky Sox batting - Pitching for Sacramento River Cats : LHP Dario Rios
Batting: RHB Justin Wells 0-0: Called Strike
0-1: Ball
1-1: Foul Ball, location: 2F
1-2: Ground out 4-3 (Groundball, 34, EV 107.5 MPH)
Batting: RHB Chad Thompson 0-0: Swinging Strike
0-1: Ground out 6-3 (Groundball, 6, EV 91.9 MPH)
Batting: RHB Mark Collins 0-0: Called Strike
0-1: Called Strike
0-2: Ball
1-2: Fly out, F7 (Flyball, 7S, EV 82.5 MPH)
Bottom of the 3rd over - 0 runs, 0 hits, 0 errors, 0 left on base; Sacramento 0 - Colorado Springs 0
TOP OF THE 4TH
Sacramento River Cats batting - Pitching for Colorado Springs Sky Sox : LHP Justin Wells
Batting: LHB Reynaldo Vargas 0-0: Ball
1-0: Called Strike
1-1: Ball
2-1: Ball
3-1: Swinging Strike
3-2: Ground out 6-3 (Groundball, 6, EV 90.6 MPH)
Batting: RHB Tim Seggerman 0-0: Ball
1-0: Reached on error, E4 (Groundball, 4, EV 80.6 MPH)
Batting: LHB Joe Cole 0-0: Ground out 4-3 (Groundball, 13, EV 89.4 MPH)
Tim Seggerman to second
Batting: RHB Roberto Molina 0-0: Ball
1-0: Swinging Strike
1-1: Foul Ball, location: 2F
1-2: Foul Ball, location: 2F
1-2: Fly out, F7 (Line Drive, 7D, EV 97.5 MPH)
Top of the 4th over - 0 runs, 0 hits, 1 error, 1 left on base; Sacramento 0 - Colorado Springs 0
BOTTOM OF THE 4TH
Colorado Springs Sky Sox batting - Pitching for Sacramento River Cats : LHP Dario Rios
Batting: RHB Marty Forbus 0-0: Ball
1-0: Ball
2-0: DOUBLE (Flyball, 78D, EV 92.5 MPH)
Batting: RHB Adrian Sapien 0-0: Swinging Strike
0-1: Swinging Strike
Passed Ball!
Marty Forbus to third
0-2: Ground out 4-3 (Groundball, 4, EV 91.3 MPH)
Marty Forbus scores
Batting: LHB Steve Jewell 0-0: Swinging Strike
0-1: Called Strike
0-2: Reached on error, E4 (Groundball, 4, EV 95.6 MPH)
Batting: LHB Nate Rooney 0-0: Ball
1-0: Called Strike
1-1: Fly out, F3 (Line Drive, 3, EV 68.1 MPH)
Batting: SHB Ashton Upchurch 0-0: Swinging Strike
0-1: Ball
1-1: Ball
2-1: Foul Ball, location: 2F
2-2: Ball
3-2: Base on Balls
Batting: LHB Ricky Diaz 0-0: Ball
1-0: Ball
2-0: Called Strike
2-1: Foul Ball, location: 2F
2-2: Fly out, F7 (Flyball, 7D, EV 86.3 MPH)
Bottom of the 4th over - 1 run, 1 hit, 1 error, 2 left on base; Sacramento 0 - Colorado Springs 1
TOP OF THE 5TH
Sacramento River Cats batting - Pitching for Colorado Springs Sky Sox : LHP Justin Wells
Batting: RHB Ryan Weidner 0-0: Called Strike
0-1: Called Strike
0-2: Strikes out swinging, 2-3 out at first.
Batting: RHB Steve Crandall 0-0: Ball
1-0: Swinging Strike
1-1: Ball
2-1: Ball
3-1: Base on Balls
Batting: SHB Jimmy Kovac 0-0: Called Strike
0-1: Called Strike
0-2: Strikes out swinging
Batting: RHB Jerry Shutt 0-0: Called Strike
0-1: Called Strike
0-2: Strikes out looking
Top of the 5th over - 0 runs, 0 hits, 0 errors, 1 left on base; Sacramento 0 - Colorado Springs 1
BOTTOM OF THE 5TH
Colorado Springs Sky Sox batting - Pitching for Sacramento River Cats : LHP Dario Rios
Batting: RHB Justin Wells 0-0: Reached on error, E6 (Groundball, 6, EV 102.5 MPH)
Batting: RHB Chad Thompson 0-0: Foul Ball, location: 2F
0-1: Ball
1-1: Foul Ball, location: 2F
1-2: Foul Ball, location: 2F
1-2: Fly out, F9 (Flyball, 9S, EV 96.3 MPH)
Batting: RHB Mark Collins 0-0: Ball
1-0: Foul Ball, location: 2F
1-1: Ground out 6-3 (Groundball, 6M, EV 86.3 MPH)
Justin Wells to third
Batting: RHB Marty Forbus 0-0: Ball
Wild Pitch!
Justin Wells scores
1-0: Foul Ball, location: 2F
1-1: SINGLE (Groundball, 56D, EV 105.0 MPH)
Batting: RHB Adrian Sapien 0-0: Called Strike
0-1: Ground out 4-3 (Groundball, 4, EV 82.5 MPH)
Bottom of the 5th over - 1 run, 1 hit, 1 error, 1 left on base; Sacramento 0 - Colorado Springs 2
TOP OF THE 6TH
Sacramento River Cats batting - Pitching for Colorado Springs Sky Sox : LHP Justin Wells
Batting: LHB Dario Rios 0-0: Ball
1-0: Called Strike
1-1: Foul Ball, location: 2F
1-2: Foul Ball, location: 2F
1-2: Strikes out swinging
Batting: LHB Reynaldo Vargas 0-0: Ball
1-0: Foul Ball, location: 2F
1-1: Foul Ball, location: 2F
1-2: Ground out 4-3 (Groundball, 4, EV 78.8 MPH)
Batting: RHB Tim Seggerman 0-0: Ball
1-0: Foul Ball, location: 2F
1-1: Called Strike
1-2: Ground out 2-3 (Groundball, 15S, EV 63.1 MPH)
Top of the 6th over - 0 runs, 0 hits, 0 errors, 0 left on base; Sacramento 0 - Colorado Springs 2
BOTTOM OF THE 6TH
Colorado Springs Sky Sox batting - Pitching for Sacramento River Cats : LHP Dario Rios
Batting: LHB Steve Jewell 0-0: Ball
1-0: Foul Ball, location: 2F
1-1: Ball
2-1: Ball
3-1: Foul Ball, location: 2F
3-2: SINGLE (Groundball, 34D, EV 99.4 MPH)
Batting: LHB Nate Rooney 0-0: Ball
1-0: Swinging Strike
1-1: Ball
2-1: Fly out, F8 (Flyball, 8LM, EV 85.0 MPH)
Batting: SHB Ashton Upchurch 0-0: Ball
1-0: Ball
Wild Pitch!
Steve Jewell to second
2-0: Intentional Walk
Batting: LHB Ricky Diaz 0-0: Ball
1-0: Ball
2-0: Called Strike
2-1: Ball
3-1: Foul Ball, location: 2F
3-2: Base on Balls
Steve Jewell to third
Ashton Upchurch to second
Batting: RHB Justin Wells 0-0: Ball
1-0: Called Strike
1-1: Foul Ball, location: 2F
1-2: Ball
2-2: Foul Ball, location: 2F
2-2: Strikes out swinging
Batting: RHB Chad Thompson 0-0: Called Strike
0-1: Ball
1-1: TRIPLE (Line Drive, 89XD, EV 104.4 MPH)
Steve Jewell scores
Ashton Upchurch scores
Ricky Diaz scores
Pitching: LHP Kunimitsu Oshita
Batting: RHB Mark Collins 0-0: Swinging Strike
0-1: Ball
1-1: Foul Ball, location: 2F
1-2: Strikes out looking
Bottom of the 6th over - 3 runs, 2 hits, 0 errors, 1 left on base; Sacramento 0 - Colorado Springs 5
TOP OF THE 7TH
Sacramento River Cats batting - Pitching for Colorado Springs Sky Sox : LHP Justin Wells
Batting: LHB Joe Cole 0-0: Ball
1-0: Called Strike
1-1: Called Strike
1-2: Fly out, F5 (Popup, 5S, EV 91.3 MPH)
Batting: RHB Roberto Molina 0-0: Fly out, F5 (Line Drive, 5, EV 70.0 MPH)
Batting: RHB Ryan Weidner 0-0: Fly out, F9 (Line Drive, 9D, EV 86.9 MPH)
Top of the 7th over - 0 runs, 0 hits, 0 errors, 0 left on base; Sacramento 0 - Colorado Springs 5
BOTTOM OF THE 7TH
Colorado Springs Sky Sox batting - Pitching for Sacramento River Cats : LHP Kunimitsu Oshita
Batting: RHB Marty Forbus 0-0: DOUBLE (Line Drive, 89D, EV 106.9 MPH)
Batting: RHB Adrian Sapien 0-0: Called Strike
0-1: SINGLE (Groundball, 34S, EV 71.3 MPH) (infield hit)
Marty Forbus to third
Batting: LHB Steve Jewell 0-0: Ball
Adrian Sapien steals 2nd base
1-0: Foul Ball, location: 2F
1-1: Foul Ball, location: 2F
1-2: SINGLE (Groundball, 34D, EV 105.0 MPH)
Marty Forbus scores
Adrian Sapien to third
Batting: LHB Nate Rooney 0-0: Called Strike
0-1: Ball
1-1: Ball
2-1: Fielders Choice at 2nd, 6-4 (Groundball, 56, EV 81.3 MPH)
Adrian Sapien scores
Batting: SHB Ashton Upchurch 0-0: Ball
1-0: Fly out, F9 (Flyball, 9, EV 85.6 MPH)
Batting: LHB Ricky Diaz 0-0: Ball
1-0: Called Strike
1-1: Ball
2-1: Ground out U3 (Groundball, 3, EV 102.5 MPH)
Bottom of the 7th over - 2 runs, 3 hits, 0 errors, 1 left on base; Sacramento 0 - Colorado Springs 7
TOP OF THE 8TH
Sacramento River Cats batting - Pitching for Colorado Springs Sky Sox : LHP Justin Wells
Batting: RHB Steve Crandall 0-0: Called Strike
0-1: Swinging Strike
0-2: Ball
1-2: Ball
2-2: Strikes out swinging
Pinch Hitting: LHB Randy Holloway 0-0: Foul Ball, location: 2F
0-1: Called Strike
0-2: Ball
1-2: Ball
2-2: Foul Ball, location: 2F
2-2: Strikes out looking
Batting: RHB Jerry Shutt 0-0: Called Strike
0-1: Foul Ball, location: 2F
0-2: Strikes out swinging, 2-3 out at first.
Top of the 8th over - 0 runs, 0 hits, 0 errors, 0 left on base; Sacramento 0 - Colorado Springs 7
BOTTOM OF THE 8TH
Colorado Springs Sky Sox batting - Pitching for Sacramento River Cats : LHP Kunimitsu Oshita
Now at 1B: R.J. Harrison
Batting: RHB Justin Wells 0-0: SINGLE (Groundball, 6MD, EV 100.0 MPH)
Batting: RHB Chad Thompson 0-0: Called Strike
0-1: Called Strike
0-2: Ball
1-2: Grounds into double play, 4-6-3 (Groundball, 4, EV 77.5 MPH)
Batting: RHB Mark Collins 0-0: Called Strike
0-1: Ball
1-1: Ground out 6-3 (Groundball, 6, EV 103.8 MPH)
Bottom of the 8th over - 0 runs, 1 hit, 0 errors, 0 left on base; Sacramento 0 - Colorado Springs 7
TOP OF THE 9TH
Sacramento River Cats batting - Pitching for Colorado Springs Sky Sox : LHP Justin Wells
Pinch Hitting: RHB Edgar Perez 0-0: Swinging Strike
0-1: Ball
1-1: Foul Ball, location: 2F
1-2: Foul Ball, location: 2F
1-2: Ground out 4-3 (Groundball, 4, EV 100.0 MPH)
Batting: LHB Reynaldo Vargas 0-0: Ball
1-0: Fly out, F7 (Flyball, 7LS, EV 92.5 MPH)
Batting: RHB Tim Seggerman 0-0: Called Strike
0-1: Ball
1-1: Foul Ball, location: 2F
1-2: Strikes out looking
Top of the 9th over - 0 runs, 0 hits, 0 errors, 0 left on base; Sacramento 0 - Colorado Springs 7
Wednesday, June 22nd , 2022 - OOTP Baseball 23.4 Build 64